Map: Echo LE (Void)

Players

soO

  • Race: Zerg Zerg
  • League: Grandmaster
  • Spawn Location: 5:00

Classic - Winner!

  • Race: Protoss Protoss
  • League: Grandmaster
  • Spawn Location: 11:00

Event: Polygon Gaming Invitational 7

VOD

Have the link to the VOD?

Description

Time

  • Played on: Jan. 14, 2017, 12:44 p.m.
  • Length: 16:45

All games in this series

Show
View Real Time Build Order
Export as new Build Order

soO Zerg 

Build Orders: Hatch First, Lurkers 

Get SALT Encoding   

  12  0:01  Drone  
  13  0:12  Overlord  
  13  0:17  Drone  
  14  0:30  Drone x2  
  14  0:34  Drone  
  17  0:51  Hatchery  
  17  0:53  Drone  
  18  0:57  Drone  
  18  1:07  Drone  
  18  1:08  Extractor  
  18  1:15  Spawning Pool  
  17  1:19  Drone  
  18  1:28  Drone  
  19  1:38  Drone  
  20  1:48  Overlord  
  20  2:03  Queen x2  
  20  2:04  Zergling x2  
  20  2:05  Drone  
  26  2:10  Drone  
  26  2:14  Drone  
  28  2:23  Drone  
  28  2:25  Drone  
  30  2:36  Overlord  
  30  2:37  Drone  
  30  2:38  Queen  
  30  2:42  Lair  
  33  2:44  Drone  
  34  2:53  Drone  
  34  2:55  Drone  
  34  2:57  Drone  
  37  3:04  Drone  
  38  3:06  Extractor  
  38  3:07  Extractor  
  38  3:09  Drone  
  38  3:12  Drone x3  
  40  3:14  Overlord  
  40  3:17  Drone x2  
  42  3:20  Drone  
  42  3:24  Overlord  
  43  3:31  Queen  
  43  3:32  Overlord  
  43  3:33  Drone  
  46  3:38  Drone  
  46  3:39  Hydralisk Den  
  46  3:41  Spore Crawler  
  45  3:43  Drone  
  46  3:49  Drone  
  46  3:50  Drone x3  
  50  4:05  Overlord  
  50  4:09  Hydralisk  
  50  4:10  Hydralisk x3  
  50  4:16  Nydus Network  
  57  4:23  Hydralisk  
  57  4:24  Hydralisk  
  57  4:28  Queen  
  57  4:30  Drone  
  64  4:38  Hydralisk x2  
  64  4:40  Overlord, Queen  
  64  4:44  Overlord  
  70  4:52  Nydus Canal  
  70  4:55  Overlord  
  70  4:59  Hydralisk x2  
  74  5:01  Spore Crawler  
  74  5:04  Hydralisk  
  75  5:08  Hydralisk  
  77  5:15  Hydralisk  
  77  5:18  Zergling x6  
  82  5:31  Overlord  
  82  5:32  Hydralisk x3  
  88  5:41  Zergling x6  
  91  5:51  Nydus Canal  
  91  5:57  Zergling x4  
  91  5:58  Zergling x4  
  91  5:59  Hydralisk x2  
  99  6:08  Overlord, Overseer  
  99  6:17  Overlord  
  93  6:21  Overlord  
  93  6:23  Overlord  
  93  6:26  Muscular Augments  
  93  6:29  Overseer  
  93  6:30  Hatchery  
  94  6:32  Zergling x4  
  94  6:33  Zergling x4  
  93  6:46  Metabolic Boost, Queen x2  
  90  6:50  Drone  
  90  6:51  Drone x2  
  93  6:54  Hydralisk  
  95  7:04  Drone  
  96  7:09  Drone, Evolution Chamber  
  96  7:13  Hydralisk  
  98  7:17  Hydralisk  
  100  7:26  Hydralisk x2  
  104  7:33  Hydralisk  
  106  7:37  Hydralisk  
  106  7:43  Nydus Canal  
  108  7:44  Hydralisk  
  108  7:46  Zergling x2, Queen  
  108  7:48  Queen  
  108  7:49  Queen  
  108  7:51  Hydralisk  
  119  8:02  Drone x6  
  119  8:03  Drone  
  119  8:04  Drone  
  127  8:07  Hydralisk  
  127  8:08  Zerg Missile Weapons Level 1  
  129  8:15  Drone  
  129  8:16  Overlord  
  130  8:20  Overlord  
  130  8:25  Overlord  
  130  8:26  Lurker Den  
  130  8:30  Overlord  
  123  8:55  Hydralisk x5  
  119  8:59  Zergling x4  
  119  9:00  Zergling x4  
  119  9:01  Zergling x2  
  113  9:06  Hydralisk  
  113  9:07  Zergling x4  
  103  9:10  Hydralisk  
  103  9:13  Queen x2  
  107  9:19  Hydralisk  
  107  9:20  Zergling x4  
  107  9:26  Extractor  
  107  9:27  Extractor, Hydralisk  
  105  9:33  Hydralisk x2  
  109  9:40  Zergling x6  
  112  9:49  Zergling x2  
  114  9:52  Zergling x2  
  114  9:53  Zergling x4, Overseer  
  114  9:56  Zergling x10  
  114  9:59  Lurker  
  123  10:00  Lurker  
  123  10:01  Drone x2  
  123  10:05  Zergling x8  
  129  10:11  Zerg Missile Weapons Level 2  
  129  10:14  Drone  
  130  10:22  Zergling x4, Lurker  
  130  10:23  Overlord  
  130  10:24  Overlord  
  130  10:29  Hydralisk x2  
  130  10:30  Zergling x6  
  130  10:31  Hydralisk  
  130  10:32  Zergling x2  
  130  10:33  Zergling x2  
  131  10:36  Zergling x2, Hydralisk  
  131  10:42  Hydralisk x2  
  127  10:43  Zergling x2  
  127  10:49  Zergling x2  
  129  10:53  Lurker  
  129  10:55  Hatchery  
  129  10:58  Drone x2  
  129  11:03  Drone  
  129  11:04  Baneling Nest, Drone  
  132  11:06  Drone x2  
  134  11:14  Lurker x2  
  136  11:21  Overlord  
  136  11:22  Hydralisk x3  
  136  11:23  Zergling x8  
  143  11:34  Zergling x16  
  143  11:36  Hatchery  
  150  11:49  Lurker x3  
  150  11:50  Overlord  
  141  12:04  Hydralisk x3  
  141  12:05  Zergling x16  
  144  12:18  Zergling x2, Hydralisk x2  
  144  12:19  Zergling x2  
  144  12:21  Lurker x2  
  150  12:23  Overlord  
  150  12:26  Zergling x10  
  150  12:35  Hydralisk x2  
  150  12:36  Zergling x2  
  118  12:49  Hatchery  
  118  12:51  Lurker, Hydralisk x2  
  118  12:52  Zergling x2  
  118  12:53  Zergling x2  
  125  13:04  Hydralisk x3  
  125  13:05  Zergling x2  
  132  13:11  Zergling x2  
  132  13:12  Zergling x6  
  136  13:16  Baneling x4  
  136  13:23  Hydralisk  
  137  13:30  Zergling x12  
  142  13:36  Lurker x2  
  142  13:37  Lurker  
  145  13:47  Baneling x3  
  143  13:49  Drone  
  143  13:50  Drone x5  
  149  13:57  Zerg Melee Weapons Level 1  
  149  14:02  Drone x2  
  148  14:15  Hydralisk  
  148  14:16  Hydralisk x3  
  140  14:21  Hydralisk x3  
  146  14:27  Hydralisk x2  
  146  14:28  Zergling x2  
  151  14:38  Zergling x16  
  156  14:43  Lurker x2  
  156  14:45  Zergling x8  
  160  14:49  Baneling x3  
  158  15:05  Hydralisk x3  
  158  15:06  Zergling x18  
  172  15:10  Overlord  
  156  15:28  Zergling x30  
  127  15:38  Zergling x2, Hydralisk x2  
  127  15:39  Zergling x4  
  126  15:49  Zergling x10  
  125  16:02  Hydralisk x2  
  114  16:10  Hydralisk x2  
Show
View Real Time Build Order
Export as new Build Order

Classic Protoss - Winner!

Build Orders: Nexus First, Oracle Opening 

Get SALT Encoding   

  12  0:00  Probe (Chrono Boost)  
  13  0:11  Probe (Chrono Boost)  
  14  0:18  Pylon  
  14  0:22  Probe (Chrono Boost)  
  15  0:37  Probe (Chrono Boost)  
  16  0:47  Probe (Chrono Boost)  
  17  0:59  Nexus  
  17  1:06  Gateway  
  17  1:10  Probe (Chrono Boost)  
  18  1:14  Assimilator  
  18  1:20  Probe (Chrono Boost)  
  18  1:22  Assimilator  
  19  1:31  Probe (Chrono Boost)  
  20  1:36  Pylon  
  20  1:41  Probe (Chrono Boost)  
  21  1:52  Probe (Chrono Boost)  
  22  1:56  Cybernetics Core  
  22  2:02  Probe (Chrono Boost)  
  23  2:12  Probe (Chrono Boost)  
  23  2:13  Probe (Chrono Boost)  
  26  2:22  Probe (Chrono Boost)  
  26  2:23  Probe (Chrono Boost)  
  27  2:32  Stargate  
  27  2:34  Mothership Core (Chrono Boost), Probe (Chrono Boost)  
  27  2:35  Adept  
  32  2:43  Warp Gate  
  32  2:44  Probe (Chrono Boost)  
  33  2:53  Probe (Chrono Boost)  
  33  2:55  Probe (Chrono Boost)  
  35  3:02  Adept  
  35  3:03  Probe (Chrono Boost)  
  39  3:05  Probe (Chrono Boost)  
  39  3:11  Oracle  
  39  3:14  Pylon  
  39  3:15  Probe (Chrono Boost)  
  39  3:16  Probe (Chrono Boost)  
  44  3:26  Probe (Chrono Boost)  
  46  3:28  Probe (Chrono Boost)  
  46  3:33  Nexus  
  46  3:35  Pylon  
  46  3:38  Probe (Chrono Boost)  
  48  3:41  Probe (Chrono Boost)  
  48  3:45  Assimilator  
  48  3:47  Assimilator  
  48  3:49  Probe (Chrono Boost)  
  48  3:50  Void Ray  
  48  3:53  Probe (Chrono Boost)  
  50  4:00  Probe (Chrono Boost)  
  55  4:05  Probe (Chrono Boost)  
  56  4:12  Probe (Chrono Boost)  
  56  4:14  Pylon  
  58  4:17  Probe (Chrono Boost)  
  58  4:24  Robotics Facility  
  58  4:28  Gateway  
  58  4:29  Gateway  
  58  4:32  Gateway  
  58  4:34  Gateway  
  58  4:39  Probe x2 (Chrono Boost)  
  60  4:51  Sentry  
  60  4:52  Probe (Chrono Boost), Gateway  
  63  4:55  Pylon  
  63  4:59  Pylon  
  63  5:00  Pylon  
  63  5:08  Immortal  
  63  5:11  Void Ray  
  71  5:23  Sentry  
  71  5:24  Sentry x2  
  77  5:30  Sentry  
  77  5:31  Gateway  
  77  5:32  Gateway  
  77  5:35  Probe x2 (Chrono Boost)  
  82  5:36  Probe (Chrono Boost), Sentry  
  84  5:48  Immortal  
  84  5:51  Adept  
  84  5:52  Adept x2  
  84  5:55  Pylon  
  84  5:56  Pylon  
  94  6:00  Stalker, Sentry  
  98  6:12  Pylon x2  
  98  6:18  Adept x3  
  98  6:22  Stalker x2  
  108  6:32  Pylon  
  106  6:42  Immortal  
  106  6:43  Sentry  
  106  6:44  Zealot x5  
  116  6:52  Adept  
  122  6:56  Probe x3 (Chrono Boost)  
  122  6:59  Pylon  
  125  7:12  Probe x3 (Chrono Boost)  
  128  7:16  Twilight Council, Forge  
  128  7:18  Pylon  
  128  7:19  Warp Prism  
  128  7:20  Sentry x2  
  128  7:22  Probe x2 (Chrono Boost)  
  135  7:23  Probe (Chrono Boost)  
  135  7:28  Sentry x2  
  141  7:33  Adept  
  141  7:34  Adept x2  
  147  7:43  Stalker x2  
  151  7:45  Blink  
  151  7:46  Assimilator  
  151  7:47  Pylon, Assimilator  
  151  7:48  Pylon  
  151  7:50  Probe (Chrono Boost)  
  151  7:51  Probe (Chrono Boost)  
  154  7:52  Probe (Chrono Boost)  
  154  8:03  Protoss Ground Weapons Level 1, Zealot x5  
  164  8:05  Observer  
  164  8:11  Stalker x2  
  169  8:21  Pylon  
  169  8:28  Stalker x2  
  169  8:29  Zealot, Stalker  
  169  8:30  Zealot  
  179  8:47  Archon  
  141  8:58  Stalker x5  
  141  8:59  Stalker x2  
  123  9:21  Stalker x2  
  123  9:22  Stalker x5  
  137  9:30  Pylon  
  135  9:40  Protoss Ground Weapons Level 2  
  135  9:47  Nexus  
  135  9:49  Pylon, Stalker x5  
  135  9:50  Stalker x2  
  149  10:13  Sentry x3  
  149  10:14  Stalker x4  
  163  10:37  Stalker x5  
  163  10:38  Stalker x2  
  169  10:47  Observer  
  166  10:54  Robotics Bay  
  166  11:00  Assimilator  
  166  11:02  Probe (Chrono Boost)  
  166  11:03  Probe (Chrono Boost)  
  166  11:04  Probe x2 (Chrono Boost)  
  170  11:05  Photon Cannon, Assimilator  
  170  11:06  Photon Cannon, Observer  
  170  11:10  Robotics Facility  
  170  11:11  Photon Cannon  
  171  11:14  Probe (Chrono Boost)  
  171  11:16  Probe x2 (Chrono Boost)  
  174  11:36  Adept x7, Disruptor  
  191  11:53  Templar Archives  
  181  12:01  Disruptor  
  181  12:05  Protoss Ground Weapons Level 3  
  181  12:07  Disruptor  
  174  12:24  Adept x7  
  183  12:32  Disruptor  
  157  12:49  Adept x7  
  171  12:52  Oracle  
  171  12:54  Gateway  
  171  12:55  Gateway  
  174  13:00  Disruptor  
  174  13:02  Gateway  
  174  13:03  Disruptor  
  177  13:06  Gateway  
  177  13:12  High Templar x4  
  186  13:14  Adept x2  
  186  13:16  Archon  
  186  13:18  Adept  
  186  13:19  Archon  
  194  13:23  Photon Cannon  
  192  13:35  Observer  
  192  13:37  Observer  
  191  13:50  Photon Cannon  
  191  13:52  Photon Cannon  
  191  13:54  Photon Cannon, Observer  
  191  13:56  Pylon, Observer  
  191  13:57  Charge  
  189  14:19  Disruptor x2  
  187  14:28  High Templar x3  
  195  14:44  Archon, High Templar  
  197  14:47  Photon Cannon  
  197  14:49  Photon Cannon  
  197  14:51  Photon Cannon, Archon  
  191  15:08  High Templar x2  
  191  15:11  Nexus  
  191  15:13  Archon  
  193  15:27  Disruptor x2  
  164  15:35  Stalker x7  
  153  16:11  Stalker x6  
  147  16:12  Stalker x3  
Tags
 
Add a new tag
Caveats
  • Supply blocks, unpowered buildings, or Contaminate may cause inaccurate times.
  • Supply counts are checked every 10 seconds.